 Dungeon Crawl Stone Soup version 0.29.0-15-g675c0067aa (webtiles) character file.

Game seed: 2174405073459526441

180 inmateoo the Trooper (level 5, -5/45 HPs)
             Began as a Ghoul Warper on Sept 11, 2022.
             Was an Initiate of Hepliaklqana.
             Killed by divine providence
             ... invoked by an orc priest
              (12 damage)
             ... on level 4 of the Dungeon.
             The game lasted 00:04:09 (3378 turns).

inmateoo the Trooper (Ghoul Warper)                 Turns: 3378, Time: 00:04:10

Health: -5/45      AC:  4    Str: 15    XL:     5   Next: 60%
Magic:  6/6        EV: 11    Int:  8    God:    Hepliaklqana [......]
Gold:   245        SH:  3    Dex: 10    Spells: 7/7 levels left

rFire   . . .      SeeInvis .   s - +2 hand axe (elec)
rCold   + . .      Faith    .   o - +0 buckler
rNeg    + + +      Spirit   .   b - +0 leather armour
rPois   ∞          Reflect  .   (no helmet)
rElec   .          Harm     .   h - +0 cloak
rCorr   .          Rampage  .   (no gloves)
Will    .....                   (no boots)
Stlth   +.........              (no amulet)
HPRegen 0.00/turn               (no ring)
MPRegen 0.10/turn               (no ring)

@: inhibited regen
A: claws 1, cold resistance 1, negative energy resistance 3, inhibited
regeneration, torment resistance 2, devour on kill
a: Renounce Religion


You were on level 4 of the Dungeon.
You worshipped Hepliaklqana.
Hepliaklqana was noncommittal.
You visited 1 branch of the dungeon, and saw 4 of its levels.

You collected 245 gold pieces.

Inventory:

Hand Weapons
 a - a +0 mace
 s - a +2 hand axe of electrocution (weapon)
Missiles
 d - 5 boomerangs of dispersal (quivered)
 m - 6 boomerangs
Armour
 b - a +0 leather armour (worn)
 h - a +0 cloak (worn)
 o - a +0 buckler (worn)
Scrolls
 c - 2 scrolls of blinking
 i - 2 scrolls of poison {unknown}
 j - 2 scrolls of enchant weapon {unknown}
 k - a scroll of noise {unknown}
 n - a scroll of vulnerability {unknown}
 q - a scroll of identify {unknown}
 r - a scroll of silence {unknown}
Potions
 e - a potion of berserk rage {unknown}
 f - a potion of flight {unknown}
 g - a potion of heal wounds {unknown}
 l - a potion of cancellation {unknown}
 p - a potion of haste {unknown}
 t - a potion of might {unknown}


   Skills:
 + Level 3.1 Fighting
 + Level 2.6 Maces & Flails
 * Level 2.8 Throwing
 + Level 1.9 Armour
 + Level 2.4 Dodging
 + Level 0.5 Shields
 - Level 1.7 Spellcasting
 - Level 2.6 Translocations


You had 7 spell levels left.
You didn't know any spells.
Your spell library contained the following spells:

 Spells                   Type           Power      Damage    Failure   Level
 Blink                    Tloc           10%        N/A       30%         2
 Gell's Gravitas          Tloc           5%         N/A       52%         3
 Lesser Beckoning         Tloc           5%         N/A       52%         3
 Teleport Other           Tloc           5%         N/A       52%         3
 Conjure Flame            Conj/Fire      0%         6-21      88%         3
 Ignite Poison            Fire/Tmut/Pois 0%         N/A       88%         3
 Sticky Flame             Conj/Fire      0%         2d3       99%         4
 Manifold Assault         Tloc           5%         N/A       99%         5


Dungeon Overview and Level Annotations

Branches:
Dungeon (4/15)
 Temple: D:4-7

Altars:
Hepliaklqana

Shops:
D:1 [

Annotations:
D:3 3 runed translucent doors, Shym's ghost, novice TrGl


Innate Abilities, Weirdness & Mutations

You are immune to poison.
You have sharp fingernails.
Your flesh is cold resistant. (rC+)
You are immune to negative energy. (rN+++)
You do not regenerate when monsters are visible.
You are immune to unholy pain and torment.
You thrive by killing the living.


Message History

You hit the quokka.
The quokka is lightly wounded.
The quokka barely misses you.
The orc priest mumbles some strange prayers to Beogh against you.
Beogh smites you! The quokka barely misses you.
You hit the quokka. Lightning courses through the quokka!
You kill the quokka!
You closely miss the orc.
An endoplasm comes into view.
An orc priest comes into view. It is wielding a +0 club.
The orc hits you but does no damage. You block the orc's attack.
You completely miss the orc. You block the orc's attack.
You hit the orc priest but do no damage.
You hit the orc.
The orc priest hits you with a +0 falchion!
The orc closely misses you.
You hit the orc.
You kill the orc!
You feel better.
You hit the orc priest but do no damage.
You barely miss the orc priest. You closely miss the orc priest.
The orc priest hits you with a +0 club. The orc priest barely misses you.
The orc priest hits you with a +0 falchion.
The orc priest hits you with a +0 club.
You hit the orc priest but do no damage.
You barely miss the orc priest.
The orc priest hits you but does no damage.
The orc priest closely misses you.
You hit the orc priest.
The orc priest is moderately wounded.
You hit the endoplasm.
Lightning courses through the endoplasm!
You kill the endoplasm!
You feel better.
You barely miss the orc priest.
The orc priest invokes the aid of Beogh against you.
Beogh smites you!
* * * LOW HITPOINT WARNING * * *
The orc priest invokes the aid of Beogh against you.
Beogh smites you!
You die...

.........########
............#.....##
...#......)..).....##
....................####
...................##..
.......................
##.....?.........##..
#.oo................
##.@................
#†.....#...........
..###..#########....
..#. #.... #.... #. .
#...... #.^.. # #.
..#.### #.... # ...#
##..# # ...#


You could see 2 orc priests.

Vanquished Creatures
  Natasha (twice) (D:1)
  4 adders
  2 worms
  4 dart slugs
  4 orcs
  6 bats
  11 endoplasms
  4 giant cockroaches
  7 goblins
  3 hobgoblins
  4 jackals (D:3)
  A quokka (D:4)
  5 ball pythons
  4 frilled lizards
  8 kobolds
  8 rats
  2 toadstools (D:3)
79 creatures vanquished.

Vanquished Creatures (others)
  3 fungi (D:3)
  3 toadstools (D:3)
6 creatures vanquished.

Grand Total: 85 creatures vanquished

Notes
Turn   | Place    | Note
-------+----------+-------------------------------------------
     0 | D:1      | inmateoo the Ghoul Warper began the quest for the Orb.
     0 | D:1      | Reached XP level 1. HP: 17/17 MP: 2/2
    26 | D:1      | Reached skill level 1 in Throwing
    26 | D:1      | Reached skill level 1 in Armour
    83 | D:1      | Reached XP level 2. HP: 25/25 MP: 3/3
   231 | D:1      | Found Neyfies's Armour Shop.
   457 | D:1      | Reached XP level 3. HP: 29/30 MP: 4/4
  1208 | D:2      | Reached XP level 4. HP: 29/37 MP: 5/5
  1669 | D:2      | Noticed Natasha
  1681 | D:1      | Killed Natasha
  1760 | D:1      | Noticed Natasha
  1766 | D:1      | Killed Natasha
  1767 | D:1      | Reached skill level 3 in Fighting
  1767 | D:1      | Reached XP level 5. HP: 38/45 MP: 6/6
  1941 | D:2      | Found a hazy altar of Hepliaklqana.
  1959 | D:2      | Became a worshipper of Hepliaklqana the Forgotten
  2991 | D:3      | Found a runed translucent gate.
  3011 | D:3      | Found a runed translucent gate.
  3011 | D:3      | Found a runed translucent gate.
  3014 | D:3      | Noticed Shym's ghost (novice TrGl)
  3015 | D:3      | Identified the +2 leather armour of Tenacity {Regen+ Dex+2}
  3378 | D:4      | Killed from afar by an orc priest

Illustrated notes

Levels and vault maps discovered:
D:1:      dpeg_arrival_rhombus, layout_basic, serial_corexii_hall,
          corexii_hall_statues_l, corexii_hall_statues_l,
          corexii_hall_statues_deadend, serial_shops, shop, minmay_tripent
D:2:      layout_basic, basic_altar, wander_ebering_terrifying_dragon_lair,
          uniq_natasha
D:3:      layout_rooms, biasface_ghost_orc_armoury, minmay_misc_feat_nine_boxes,
          minmay_gold_behind_fungi
D:4:      layout_rooms, dilly_guarded_unrand_devastator

Skill      XL: |  1  2  3  4 |
---------------+-------------+-----
Throwing       | 1 2 |  2.8
Armour         | 1 |  1.9
Maces & Flails | 2 |  2.6
Dodging        | 2 |  2.4
Fighting       | 3 |  3.1
Shields        | |  0.5
Spellcasting   | |  1.7
Translocations | |  2.6

Action                   |  1- 3 |  4- 6 || total
-------------------------+-------+-------++-------
Melee: Mace              |   131 |   117 ||   248
       Punch             |       |     1 ||     1
       Hand axe          |       |    27 ||    27
Throw: Boomerang         |       |     2 ||     2
Armor: Leather armour    |    62 |    31 ||    93
Dodge: Dodged            |    98 |    91 ||   189
Block: Buckler           |       |     7 ||     7
